 Dungeon Crawl Stone Soup version 0.18.1-50-g88ac8fd (webtiles) character file.

7154 atgrul the Basher (level 10, -7/144 HPs)
             Began as a Minotaur Berserker on Sept 17, 2016.
             Was a High Priest of Trog.
             Mangled by a skeletal warrior
             ... wielding a +0 battleaxe
              (16 damage)
             ... on level 10 of the Dungeon on Sept 18, 2016.
             The game lasted 00:19:50 (8625 turns).

atgrul the Basher (Minotaur Berserker)              Turns: 8625, Time: 00:19:51

Health: -7/144     AC:  6    Str: 27    XL:     10   Next: 86%
Magic:  1/2        EV: 14    Int:  4    God:    Trog [*****.]
Gold:   411        SH:  0    Dex: 13    Spells: 0 memorised, 9 levels left

rFire  . . .     SeeInvis .     i - +3 flail
rCold  . . .     Gourm    .     I - +0 ring mail "Rouvvao" {+Blink rPois Regen+ MP-9}
rNeg   . . .     Faith    .     (no shield)
rPois  +         Spirit   .     (helmet restricted)
rElec  .         Dismiss  .     (no cloak)
rCorr  .         Reflect  .     (no gloves)
SustAt .         Harm     .     n - +0 pair of boots
MR     .....                    h - amulet of rage
Stlth  ..........               (no ring)
                                (no ring)

@: berserking, very quick, not resistant to hostile enchantments, extremely
unstealthy
A: retaliatory headbutt, horns 2
a: Berserk, Trog's Hand, Brothers in Arms, Burn Spellbooks, Renounce Religion,
Evoke Blink, Evoke Berserk Rage


You were on level 10 of the Dungeon.
You worshipped Trog.
Trog was extremely pleased with you.
You were hungry.

You visited 1 branch of the dungeon, and saw 10 of its levels.

You collected 411 gold pieces.

Inventory:

Hand Weapons
 a - a +0 mace
 i - a +3 flail (weapon)
 o - a +1 mace
 K - a -1 flail
Missiles
 N - 3 tomahawks of returning (quivered)
Armour
 b - a +1 animal skin
 f - a +0 plate armour
 n - a +0 pair of boots (worn)
 I - the +0 ring mail "Rouvvao" (worn) {+Blink rPois Regen+ MP-9}
   (You found it on level 7 of the Dungeon)

   It protects you from poison.
   It affects your magic capacity (-9).
   It lets you blink.
   It increases your rate of regeneration.
Jewellery
 h - an amulet of rage (around neck)
 L - an uncursed amulet of rage
Wands
 p - a wand of teleportation (5/9)
 F - a wand of polymorph (12/24)
Scrolls
 e - 4 scrolls of enchant armour
 j - 7 scrolls of remove curse
 s - 3 scrolls of identify
 u - a scroll of teleportation {unknown}
 w - 2 scrolls of blinking {unknown}
 y - 2 scrolls of recharging {unknown}
 B - 3 scrolls of enchant weapon {unknown}
 E - 2 scrolls of amnesia {unknown}
 G - a scroll of magic mapping {unknown}
Potions
 d - a potion of berserk rage
 g - a potion of might {unknown}
 l - a potion of flight {unknown}
 q - 2 potions of brilliance {unknown}
 r - 4 potions of heal wounds {unknown}
 t - 3 potions of agility
 x - a potion of invisibility {unknown}
 z - a potion of curing
 A - a potion of degeneration {unknown}
 C - 2 potions of haste
 D - 2 potions of mutation {unknown}
 H - a potion of ambrosia {unknown}
Books
 J - a Fen Folio

   Spells                             Type                      Level
   a - Corpse Rot                     Necromancy                   2
   b - Stone Arrow                    Conjuration/Earth            3
   c - Leda's Liquefaction            Hexes/Earth                  4
   d - Summon Forest                  Summoning/Translocation      5
   e - Hydra Form                     Transmutation                6
   f - Summon Hydra                   Summoning                    7
   Trog disapproves of the use of such an item.
Comestibles
 c - 6 bread rations
 k - 16 slices of pizza
 m - 2 beef jerkies
 v - 2 meat rations


   Skills:
 + Level 11.4 Fighting
 - Level 14.2 Maces & Flails
 - Level 2.4 Armour
 + Level 6.8 Dodging
 - Level 0.3 Stealth
 * Level 3.1 Evocations


You had 9 spell levels left.
You didn't know any spells.

Dungeon Overview and Level Annotations

Branches:
Dungeon (10/15)            Temple (0/1) D:5            Lair (0/8) D:9
    Orc: D:9-12

Altars:
Ashenzari
Fedhas
Makhleb
Nemelex Xobeh
Ru
Xom
Zin

Annotations:
D:2 exclusion: oklob plant
D:5 exclusion: orc wizard
D:8 exclusion: ice statue


Innate Abilities, Weirdness & Mutations

You reflexively headbutt those who attack you in melee.
You have a pair of horns on your head.


Message History

Snorg closely misses you. Snorg claws you!
* * * LOW HITPOINT WARNING * * *
You barely miss Snorg. You headbutt Snorg!
You kill Snorg!
Trog accepts your kill.
Your Evocations skill increases to level 3!
The skeletal warrior hits you with a battleaxe!!
* * * LOW HITPOINT WARNING * * *
You are too berserk!
You bludgeon the skeletal warrior!!
The skeletal warrior is heavily damaged.
The skeletal warrior completely misses you.
You thump the skeletal warrior!
Your headbutt misses the skeletal warrior.
The skeletal warrior is severely damaged.
You closely miss the skeletal warrior.
Your headbutt misses the skeletal warrior.
The skeletal warrior is severely damaged.
The skeletal warrior hits you with a battleaxe!
You die...

#....# #.#.# #.# #.##.# #.#.#
#.# #.##.#### #.#.. #.#
#.##....# ########.# ######.#
#.#####.# #...)....# #......#
#.#
#.########.#########.######
#.#####.......#.....†.......#
#
#.........))#.#..#########..#
#
###########<#.#.@....)...#..#
###.##z#######.#.>#
#....z.#<......#..#
#.#.#.[#########..#
#.#...............# #
#.#.###########.##### #.#.#
#...... #.#.# ####### #.#.#


You could see 2 skeletal warriors.

Vanquished Creatures
  Snorg (D:10)
  2 skeletal warriors (D:10)
  A two-headed ogre (D:8)
  2 hippogriffs (D:10)
  Menkaure (D:7)
  Duvessa (D:7)
  5 orc warriors
  2 ice beasts
  2 black bears
  3 sky beasts (D:8)
  A phantom (D:3)
  3 ogres
  3 centaurs
  6 giant frogs
  Dowan (D:7)
  3 scorpions
  5 killer bees
  10 wights
  2 howler monkeys
  2 crimson imps
  2 giant frog zombies
  3 jellies
  14 orc wizards
  A centaur skeleton (D:9)
  9 orc priests
  3 hounds
  2 iguanas (D:8)
  8 worker ants
  3 hound zombies
  A hound skeleton (D:9)
  A worker ant zombie (D:5)
  4 gnolls (D:2)
  5 adders
  5 river rats (D:7)
  2 shadow imps
  4 worms
  A dart slug (D:1)
  4 giant geckos
  50 orcs
  9 bats
  5 giant cockroaches
  7 goblins
  9 hobgoblins
  4 jackals (D:3)
  4 quokkas
  A ball python (D:1)
  4 giant newts
  8 kobolds
  34 rats
263 creatures vanquished.

Notes
Turn   | Place    | Note
--------------------------------------------------------------
     0 | D:1      | atgrul the Minotaur Berserker began the quest for the Orb.
     0 | D:1      | Reached XP level 1. HP: 19/19 MP: 0/0
    96 | D:1      | Reached skill level 4 in Maces & Flails
   169 | D:1      | Reached XP level 2. HP: 18/26 MP: 1/1
   379 | D:1      | Reached skill level 5 in Maces & Flails
   449 | D:1      | Reached XP level 3. HP: 31/31 MP: 2/2
   495 | D:2      | Found a blossoming altar of Fedhas.
   503 | D:2      | Noticed an oklob plant
   545 | D:2      | Reached ** piety under Trog
   616 | D:2      | Reached XP level 4. HP: 24/39 MP: 3/3
   803 | D:2      | Reached skill level 6 in Maces & Flails
  1364 | D:3      | Found a shattered altar of Ashenzari.
  1412 | D:3      | Reached *** piety under Trog
  1639 | D:3      | Found a faded altar to an unknown god.
  1658 | D:3      | Reached XP level 5. HP: 45/45 MP: 4/4
  1675 | D:3      | Noticed a phantom
  1684 | D:3      | Killed a phantom
  1684 | D:3      | Reached skill level 7 in Maces & Flails
  1758 | D:3      | Noticed an angel
  1759 | D:3      | Found a glowing silver altar of Zin.
  1759 | D:3      | Found a shimmering altar of Xom.
  2185 | D:4      | Reached skill level 8 in Maces & Flails
  2313 | D:4      | Reached XP level 6. HP: 50/51 MP: 5/5
  2696 | D:5      | Entered Level 5 of the Dungeon
  2879 | D:5      | Reached skill level 9 in Maces & Flails
  3088 | D:5      | Reached XP level 7. HP: 31/57 MP: 6/6
  3183 | D:5      | Reached skill level 10 in Maces & Flails
  3352 | D:5      | Found a staircase to the Ecumenical Temple.
  3433 | D:5      | Reached **** piety under Trog
  4125 | D:6      | Reached skill level 11 in Maces & Flails
  4138 | D:6      | Reached XP level 8. HP: 64/64 MP: 7/7
  4352 | D:6      | Reached skill level 12 in Maces & Flails
  4588 | D:6      | Found a burning altar of Makhleb.
  4918 | D:6      | Found a sparkling altar of Nemelex Xobeh.
  4918 | D:6      | Found a sacrificial altar of Ru.
  5138 | D:7      | Noticed Dowan
  5140 | D:7      | Noticed Duvessa
  5149 | D:7      | Killed Dowan
  5154 | D:7      | Killed Duvessa
  5226 | D:7      | Reached skill level 5 in Fighting
  5397 | D:7      | Noticed Menkaure
  5405 | D:7      | Killed Menkaure
  5405 | D:7      | Reached skill level 13 in Maces & Flails
  5456 | D:7      | Reached XP level 9. HP: 55/74 MP: 8/8
  5826 | D:7      | Got a crude ring mail
  5837 | D:7      | Identified the cursed +0 ring mail "Rouvvao" {+Blink rPois Regen+ MP-9} (You found it on level 7 of the Dungeon)
  5866 | D:7      | Reached ***** piety under Trog
  6302 | D:8      | Reached skill level 14 in Maces & Flails
  6808 | D:8      | Noticed an ice statue
  7289 | D:8      | Reached XP level 10. HP: 80/90 MP: 0/9
  7566 | D:9      | Found a staircase to the Lair.
  7893 | D:9      | Reached skill level 5 in Dodging
  8077 | D:10     | Entered Level 10 of the Dungeon
  8239 | D:10     | Reached skill level 10 in Fighting
  8270 | D:10     | Noticed a skeletal warrior
  8294 | D:10     | Noticed a skeletal warrior
  8307 | D:10     | Killed a skeletal warrior
  8307 | D:10     | Reached skill level 1 in Evocations
  8331 | D:10     | Noticed a skeletal warrior
  8358 | D:10     | Killed a skeletal warrior
  8402 | D:10     | Noticed a skeletal warrior
  8405 | D:10     | Noticed a skeletal warrior
  8409 | D:9      | Received a gift from Trog
  8609 | D:10     | Noticed Snorg
  8622 | D:10     | Killed Snorg
  8625 | D:10     | Mangled by a skeletal warrior

Skill      XL: |  1  2  3  4  5  6  7  8  9 10 |
---------------+-------------------------------+-----
Maces & Flails | 4 5 6 8 9 11 13 14 | 14.2
Fighting       | 5 8 11 | 11.4
Dodging        | 4 6 |  6.8
Evocations     | 3 |  3.1
Armour         | |  2.4
Stealth        | |  0.3

Action                   |  1- 3 |  4- 6 |  7- 9 | 10-12 || total
-------------------------+-------+-------+-------+-------++-------
Melee: Mace              |    60 |   142 |    82 |       ||   284
       Headbutt          |    11 |    21 |    65 |    31 ||   128
       Flail             |       |       |   269 |   127 ||   396
Invok: Berserk           |     1 |       |     5 |     2 ||     8
  Use: Scroll            |       |     5 |     2 |       ||     7
       Potion            |       |       |     3 |       ||     3
  Eat: Chunk             |       |     8 |    10 |     5 ||    23
       Bread ration      |       |       |     2 |       ||     2
Armor: Animal skin       |     8 |    11 |       |       ||    19
       Chain mail        |       |    52 |    31 |       ||    83
       Plate armour      |       |       |    65 |       ||    65
       Ring mail         |       |       |    29 |    17 ||    46
Dodge: Dodged            |    40 |    62 |   139 |    58 ||   299
